Map: Ulrena

Players

Voltz - Winner!

  • Race: Zerg Zerg

Kratoss

  • Race: Zerg Zerg
  • League: Master

Event: Gauntlet LotV Series 1 Qualifier 2

VOD

Have the link to the VOD?

Description

Time

  • Played on: Dec. 5, 2015, 1:24 p.m.
  • Length: 3:17

All games in this series

Show
View Real Time Build Order
Export as new Build Order

Voltz Zerg - Winner!

Build Orders: Pool First, Zergling Baneling 

Get SALT Encoding   

  12  0:01  Drone  
  13  0:12  Overlord  
  13  0:17  Drone  
  14  0:31  Drone x2  
  14  0:34  Drone  
  17  0:45  Spawning Pool  
  17  0:47  Drone  
  17  0:50  Extractor  
  16  1:11  Hatchery  
  16  1:15  Drone  
  16  1:24  Drone  
  17  1:31  Queen  
  19  1:39  Baneling Nest  
  18  1:43  Zergling x2  
  19  1:48  Zergling x2  
  19  1:51  Zergling x2  
  21  1:56  Zergling x2  
  22  2:06  Overlord  
  22  2:22  Queen, Baneling x3  
  22  2:24  Baneling  
  22  2:26  Baneling  
  24  2:31  Baneling  
  24  2:36  Zergling x4  
  25  2:49  Zergling x2  
  25  2:54  Baneling x2  
  23  2:58  Zergling x6  
Show
View Real Time Build Order
Export as new Build Order

Kratoss Zerg 

Build Orders: Pool Only 

Get SALT Encoding   

  12  0:01  Drone  
  13  0:12  Drone  
  14  0:19  Drone, Extractor  
  14  0:33  Spawning Pool  
  14  0:35  Drone  
  14  0:44  Drone, Extractor  
  15  0:54  Overlord  
  15  1:01  Overlord  
  15  1:19  Queen  
  15  1:23  Metabolic Boost  
  17  1:27  Drone  
  17  1:31  Zergling x2  
  19  1:36  Zergling x2  
  20  1:45  Baneling Nest  
  19  1:48  Zergling x2  
  20  1:59  Zergling x2  
  21  2:03  Zergling x2  
  22  2:12  Zergling x2  
  23  2:23  Zergling x2  
  23  2:29  Baneling x4  
  24  2:32  Zergling x6  
  27  2:39  Zergling x2  
  24  2:57  Zergling x2  
  23  3:00  Zergling x4  
Tags
 
Add a new tag
Caveats
  • Supply blocks, unpowered buildings, or Contaminate may cause inaccurate times.
  • Supply counts are checked every 10 seconds.